 Dungeon Crawl Stone Soup version 0.17.0-24-gcfadda4 (console) character file.

118 gw the Stinger (level 4, 0/22 HPs)
             Began as a Spriggan Venom Mage on Nov 17, 2015.
             Succumbed to an adder's poison
             ... on level 2 of the Dungeon.
             The game lasted 00:03:03 (3426 turns).

gw the Stinger (Spriggan Venom Mage)                Turns: 3426, Time: 00:03:04

Health: 0/22       AC:  3    Str:  4    XL:     4   Next: 72%
Magic:  0/11       EV: 19    Int: 17    God:
Gold:   95         SH:  0    Dex: 16    Spells: 2 memorised, 7 levels left

rFire  . . .     SeeInvis +     a - +0 dagger
rCold  + . .     Clarity  .     d - +0 robe
rNeg   . . .     SustAt   .     (shield restricted)
rPois  .         Gourm    .     (helmet restricted)
rElec  .         Spirit   .     n - +0 cloak
rCorr  .         Warding  .     (gloves unavailable)
rMut   .         Stasis   .     (boots unavailable)
MR     .....                    (no amulet)
Stlth  +++.......               (no ring)
                                m - ring of protection from cold

@: lethally poisoned (0 -> -1), very slightly contaminated, very quick, not
resistant to hostile enchantments, fairly stealthy
A: unfitting armour, see invisible, herbivore 3, speed 3, slow metabolism 2
a: no special abilities


You were on level 2 of the Dungeon.
You were hungry.

You visited 1 branch of the dungeon, and saw 2 of its levels.

You collected 95 gold pieces.

Inventory:

Hand Weapons
 a - a +0 dagger (weapon)
 b - a +0 hunting sling
Missiles
 e - 35 stones (quivered)
Armour
 d - a +0 robe (worn)
 n - a +0 cloak (worn)
Jewellery
 m - a ring of protection from cold (left hand)
Scrolls
 f - a scroll of fear {unknown}
 h - a scroll of fog {unknown}
 j - 2 scrolls of identify
 k - a scroll of recharging {unknown}
 o - a scroll of enchant armour {unknown}
Potions
 g - a potion of experience {unknown}
Books
 l - a Young Poisoner's Handbook

   Spells                             Type                      Level
   a - Sting                          Conjuration/Poison           1
   b - Cure Poison                    Poison                       2
   c - Mephitic Cloud                 Conjuration/Poison/Air       3
   d - Olgreb's Toxic Radiance        Poison                       4
   e - Venom Bolt                     Conjuration/Poison           5
Comestibles
 c - a bread ration
 i - a slice of pizza


   Skills:
 + Level 1.4 Fighting
 + Level 1.2 Short Blades
 + Level 3.7 Dodging
 - Level 3.0 Stealth
 * Level 4.2 Spellcasting
 + Level 4.4 Poison Magic


You had 7 spell levels left.
You knew the following spells:

 Your Spells              Type           Power        Failure   Level  Hunger
a - Sting                 Conj/Pois      ##..         10%         1    None
b - Mephitic Cloud        Conj/Pois/Air  #.......     24%         3    ###....


Dungeon Overview and Level Annotations

Branches:
Dungeon (2/15)

Altars:
Fedhas


Innate Abilities, Weirdness & Mutations

You are tiny and cannot use many weapons and most armour.
You have supernaturally acute eyesight.
You are a herbivore.
You cover ground extremely quickly.
You need consume almost no food.


Message History

The jackal closely misses you.
KIIIITING; ATTACKING (0,1)
You hit the jackal.
The jackal is almost dead.
You feel sick. The jackal closely misses you.
The jackal bites you but does no damage.
Casting: Sting
Confirm with . or Enter, or press ? or * to list all spells.
Aiming: Sting
Press: ? - help, Shift-Dir - straight line, f/p - jackal
Aim: a jackal (almost dead)
The sting hits the jackal.
You kill the jackal!
ATTACKING (-1,-1)
You swing at nothing.
ATTACKING (0,1)
You swing at nothing.
ATTACKING (0,1)
You swing at nothing.
You die...

......#..####.#....)....
........................
.####.#.).....#.........
#...####..#....)....
#...# #..#[........
#...# #..#.........
#..)####..#.......##
#...##....#.......#
#.#i##....#.......#
#.#%##....#..#....#
#............#....#
###(.#######.#....# ##.#
#h###### ##.### #..%.#
#....# #.)..#


There were no monsters in sight!

Table legend:
 A = Turns spent in this place as a percentage of turns spent in the entire game.
 B = Non-inter-level travel turns spent in this place as a percentage of non-inter-level travel turns spent in the entire game.
 C = Inter-level travel turns spent in this place as a percentage of turns spent in this place.
 D = Turns resting spent in this place as a percentage of non-inter-level travel turns spent in this place.
 E = Turns spent auto-exploring this place as a percentage of non-inter-level travel turns spent in this place.
 F = Non-inter-level travel turns spent in this place divided by the number of levels of this place that you've seen.
                   A       B       C       D       E      F
               +-------+-------+-------+-------+-------+----------------------
         Total | 100.0 | 100.0 |   0.0 |   3.2 |   2.4 | 1665.5
       Dungeon | 100.0 | 100.0 |   0.0 |   3.2 |   2.4 | 1665.5
               +-------+-------+-------+-------+-------+----------------------

Table legend:
 A = Kills in this place as a percentage of kills in entire the game.
 B = Kills by you in this place as a percentage of kills by you in the entire game.
 C = Kills by friends in this place as a percentage of kills by friends in the entire game.
 D = Other kills in this place as a percentage of other kills in the entire game.
 E = Experience gained in this place as a percentage of experience gained in the entire game.
 F = Experience gained in this place divided by the number of levels of this place that you have seen.
                   A       B       C       D       E      F
               +-------+-------+-------+-------+-------+----------------------
         Total | 100.0 | 100.0 |  -nan |  -nan | 100.0 |  84.5
       Dungeon | 100.0 | 100.0 |  -nan |  -nan | 100.0 |  84.5
               +-------+-------+-------+-------+-------+----------------------

Vanquished Creatures
  Jessica (D:2)
  3 adders
  3 oozes
  A worm (D:2)
  A giant gecko (D:1)
  4 bats
  A giant cockroach (D:2)
  7 goblins
  7 hobgoblins
  5 jackals (D:2)
  A giant newt (D:1)
  8 kobolds
  7 rats (D:1)
49 creatures vanquished.

Notes
Turn   | Place    | Note
--------------------------------------------------------------
     0 | D:1      | gw the Spriggan Venom Mage began the quest for the Orb.
     0 | D:1      | Reached XP level 1. HP: 9/9 MP: 5/5
   280 | D:1      | Reached XP level 2. HP: 14/14 MP: 0/6
  1145 | D:1      | Reached skill level 1 in Fighting
  1308 | D:1      | Reached XP level 3. HP: 5/18 MP: 0/9
  1581 | D:1      | Learned a level 3 spell: Mephitic Cloud
  2301 | D:2      | Noticed Jessica
  2308 | D:2      | Killed Jessica
  2308 | D:2      | Reached XP level 4. HP: 22/22 MP: 2/10
  2701 | D:2      | Reached skill level 1 in Short Blades
  2852 | D:2      | Found a blossoming altar of Fedhas.
  2864 | D:2      | HP: 1/22 [worm (5)]
  3422 | D:2      | HP: 1/22 [poisoned by an adder]
  3426 | D:2      | Succumbed to an adder's poison

Action                   |  1- 3 |  4- 6 || total
-------------------------+-------+-------++-------
Melee: Dagger            |    11 |    44 ||    55
 Fire: Hunting sling     |       |     6 ||     6
 Cast: Sting             |    92 |    61 ||   153
  Use: Scroll            |     2 |       ||     2
       Potion            |     2 |       ||     2

Vault maps used:
D:1:      sevenhm_arrival_forest_fort_small_6
D:2:      fedhas_altar_4, uniq_jessica
